 Dungeon Crawl Stone Soup version 0.23.0-3-gf3c87f2 (webtiles) character file.

Game seed: 10657958534117698579

515 xccam the Twirler (level 7, 0/56 HPs)
             Began as a Gnoll Wanderer on Feb 20, 2019.
             Was an Initiate of Cheibriados.
             Slain by a centaur skeleton (5 damage)
             ... on level 4 of the Dungeon.
             The game lasted 00:05:58 (2402 turns).

xccam the Twirler (Gnoll Wanderer)                  Turns: 2402, Time: 00:05:59

Health: 0/56       AC:  8    Str: 17    XL:     7   Next: 20%
Magic:  10/10      EV: 12    Int: 17    God:    Cheibriados [......]
Gold:   158        SH:  0    Dex: 14    Spells: 10/10 levels left

rFire    . . .     SeeInvis .   c - +0 quarterstaff
rCold    . . .     Gourm    .   (shield currently unavailable)
rNeg     . . .     Faith    .   t - +0 scale mail
rPois    .         Spirit   .   l - +0 helmet
rElec    .         Reflect  .   m - +0 cloak
rCorr    .         Harm     .   (no gloves)
MR       .....                  (no boots)
Stlth    +.........             n - amulet of regeneration
HPRegen  0.58/turn              (no ring)
MPRegen  0.12/turn              (no ring)

@: very slow
A: distributed training, fangs 1, strong nose
a: Bend Time, Renounce Religion


You were on level 4 of the Dungeon.
You worshipped Cheibriados.
Cheibriados was noncommittal.
You were hungry.

You visited 1 branch of the dungeon, and saw 4 of its levels.

You collected 158 gold pieces.

Inventory:

Hand Weapons
 c - a +0 quarterstaff (weapon)
 k - a +0 long sword of holy wrath
Armour
 l - a +0 helmet (worn)
 m - a +0 cloak (worn)
 t - a +0 scale mail (worn)
Jewellery
 n - an amulet of regeneration (around neck)
 s - an uncursed ring of resist corrosion {unknown}
Scrolls
 a - a scroll of magic mapping {unknown}
 b - 2 scrolls of teleportation
 e - 2 scrolls of amnesia {unknown}
 g - a scroll of enchant armour {unknown}
 o - a scroll of remove curse
 p - a scroll of blinking {unknown}
 q - 2 scrolls of enchant weapon {unknown}
 r - 2 scrolls of fog
 v - 2 scrolls of identify {unknown}
Potions
 i - 2 potions of haste
 u - a potion of lignification
Comestibles
 f - 13 rations


   Skills:
 + Level 5.1 Fighting
 + Level 2.3 Short Blades
 + Level 2.3 Long Blades
 + Level 2.3 Axes
 + Level 2.3 Maces & Flails
 + Level 2.3 Polearms
 + Level 7.0 Staves
 + Level 2.3 Slings
 + Level 2.3 Bows
 + Level 2.3 Crossbows
 + Level 3.5 Throwing
 + Level 2.3 Armour
 + Level 5.1 Dodging
 + Level 4.8 Stealth
 + Level 2.3 Shields
 + Level 2.3 Unarmed Combat
 + Level 2.3 Spellcasting
 + Level 1.8 Conjurations
 + Level 1.8 Hexes
 + Level 1.8 Charms
 + Level 1.8 Summonings
 + Level 1.8 Necromancy
 + Level 1.8 Translocations
 + Level 1.8 Transmutations
 + Level 1.8 Fire Magic
 + Level 1.8 Ice Magic
 + Level 1.8 Air Magic
 + Level 1.8 Earth Magic
 + Level 1.8 Poison Magic
 + Level 2.5 Invocations
 + Level 2.3 Evocations


You had 10 spell levels left.
You didn't know any spells.
Your spell library contained the following spells:

 Spells                   Type           Power        Failure   Level  Hunger
 Summon Small Mammal      Summ           #...         28%         1    #......
 Call Imp                 Summ           #.......     41%         2    ###....
 Call Canine Familiar     Summ           #.......     65%         3    ###....
 Summon Guardian Golem    Hex/Summ       #.......     65%         3    ###....
 Summon Ice Beast         Ice/Summ       #.......     96%         4    #####..
 Summon Lightning Spire   Summ/Air       #.......     96%         4    #####..


Dungeon Overview and Level Annotations

Branches:
Dungeon (4/15)
 Temple: D:4-7

Altars:
Cheibriados
Dithmenos
Kikubaaqudgha
Xom


Innate Abilities, Weirdness & Mutations

Your experience applies equally to all skills.
You have very sharp teeth.
Your uncanny sense of smell can sniff out nearby items.


Message History

As you read the scroll of teleportation, it crumbles to dust.
You feel strangely unstable. The gnoll hits you but does no damage.
The hound bites you but does no damage.
Unknown command.
The hound completely misses you.
Unknown command.
The hound bites you.
* * * LOW HITPOINT WARNING * * *
Unknown command.
Your surroundings suddenly seem different.
A centaur skeleton comes into view.
Found a falchion.
Unknown command.
The centaur skeleton hits you but does no damage.
The centaur skeleton hits you.
* * * LOW HITPOINT WARNING * * *
There is an escape hatch in the ceiling here.
Unknown command.
The centaur skeleton hits you.
You die...

#.<.###§..§
#.......##...##§§..§
#.......#....#§§§..§
#.......#.....§§§§.§
#.......#......§.._.
#.....).#......§§§.§
#.......##...#§§§§..
#.......##...##§§§..
#..@Z....+...###.§..
#........#...####...
#........#......#...
#........#......#...
#.......##.....##...
#.......##.....##...
#..............#....
#.........)....#....
#.......##.....##.).


You could see a centaur skeleton.

Vanquished Creatures
  Grinder (D:3)
  A gnoll shaman (D:4)
  A worker ant (D:4)
  10 gnolls
  6 adders
  An ooze (D:1)
  6 worms
  A dart slug (D:1)
  3 leopard geckos
  An orc (D:4)
  4 ball pythons
  10 bats
  4 giant cockroaches
  7 goblins
  12 hobgoblins
  7 jackals
  A quokka (D:4)
  5 frilled lizards
  A giant cockroach zombie (D:3)
  8 kobolds
  8 rats
98 creatures vanquished.

Notes
Turn   | Place    | Note
-------+----------+-------------------------------------------
     0 | D:1      | xccam the Gnoll Wanderer began the quest for the Orb.
     0 | D:1      | xccam set off with the following items: a +2 leather
                  | armour, a scroll of teleportation, a +0 quarterstaff, a +0
                  | dagger, a ration
     0 | D:1      | Reached XP level 1. HP: 20/20 MP: 1/1
    56 | D:1      | Reached XP level 2. HP: 19/26 MP: 2/2
   235 | D:1      | Reached XP level 3. HP: 31/31 MP: 3/3
   444 | D:2      | Reached skill level 1 in Invocations
   488 | D:2      | Reached skill level 1 in Short Blades
   488 | D:2      | Reached skill level 1 in Long Blades
   488 | D:2      | Reached skill level 1 in Axes
   488 | D:2      | Reached skill level 1 in Maces & Flails
   488 | D:2      | Reached skill level 1 in Polearms
   488 | D:2      | Reached skill level 1 in Slings
   488 | D:2      | Reached skill level 1 in Bows
   488 | D:2      | Reached skill level 1 in Crossbows
   488 | D:2      | Reached skill level 1 in Armour
   488 | D:2      | Reached skill level 1 in Shields
   488 | D:2      | Reached skill level 1 in Unarmed Combat
   488 | D:2      | Reached skill level 1 in Spellcasting
   488 | D:2      | Reached skill level 1 in Evocations
   488 | D:2      | Reached XP level 4. HP: 20/38 MP: 5/5
   923 | D:2      | Found an ancient bone altar of Kikubaaqudgha.
   939 | D:2      | Reached skill level 1 in Conjurations
   939 | D:2      | Reached skill level 1 in Hexes
   939 | D:2      | Reached skill level 1 in Charms
   939 | D:2      | Reached skill level 1 in Summonings
   939 | D:2      | Reached skill level 1 in Necromancy
   939 | D:2      | Reached skill level 1 in Translocations
   939 | D:2      | Reached skill level 1 in Transmutations
   939 | D:2      | Reached skill level 1 in Fire Magic
   939 | D:2      | Reached skill level 1 in Ice Magic
   939 | D:2      | Reached skill level 1 in Air Magic
   939 | D:2      | Reached skill level 1 in Earth Magic
   939 | D:2      | Reached skill level 1 in Poison Magic
  1317 | D:3      | Noticed Grinder
  1323 | D:3      | Paralysed by Grinder for 7 turns
  1331 | D:3      | HP: 1/38 [Grinder/nerve-wracking pain (3)]
  1342 | D:3      | Killed Grinder
  1342 | D:3      | Reached XP level 5. HP: 23/43 MP: 5/7
  1342 | D:3      | Reached XP level 6. HP: 27/50 MP: 5/8
  1414 | D:3      | Reached skill level 5 in Fighting
  1414 | D:3      | Reached skill level 5 in Dodging
  1845 | D:3      | Found a snail-covered altar of Cheibriados.
  1846 | D:3      | Found a shimmering altar of Xom.
  1860 | D:3      | Became a worshipper of Cheibriados the Contemplative
  2285 | D:4      | Reached XP level 7. HP: 54/56 MP: 10/10
  2306 | D:4      | Found a shadowy altar of Dithmenos.
  2390 | D:4      | Reached skill level 7 in Staves
  2402 | D:4      | Slain by a centaur skeleton

Skill      XL: |  1  2  3  4  5  6  7 |
---------------+----------------------+-----
Invocations    | 1 2 |  2.5
Short Blades   | 1 2 |  2.3
Long Blades    | 1 2 |  2.3
Axes           | 1 2 |  2.3
Maces & Flails | 1 2 |  2.3
Polearms       | 1 2 |  2.3
Slings         | 1 2 |  2.3
Bows           | 1 2 |  2.3
Crossbows      | 1 2 |  2.3
Armour         | 1 2 |  2.3
Shields        | 1 2 |  2.3
Unarmed Combat | 1 2 |  2.3
Spellcasting   | 1 2 |  2.3
Evocations     | 1 2 |  2.3
Conjurations   | 1 |  1.8
Hexes          | 1 |  1.8
Charms         | 1 |  1.8
Summonings     | 1 |  1.8
Necromancy     | 1 |  1.8
Translocations | 1 |  1.8
Transmutations | 1 |  1.8
Fire Magic     | 1 |  1.8
Ice Magic      | 1 |  1.8
Air Magic      | 1 |  1.8
Earth Magic    | 1 |  1.8
Poison Magic   | 1 |  1.8
Throwing       | 3 |  3.5
Fighting       | 5 |  5.1
Dodging        | 5 |  5.1
Staves         | 7 |  7.0
Stealth        | |  4.8

Action                   |  1- 3 |  4- 6 |  7- 9 || total
-------------------------+-------+-------+-------++-------
Melee: Quarterstaff      |    98 |   198 |    55 ||   351
       Bite              |    13 |    20 |     3 ||    36
  Use: Potion            |       |     5 |     1 ||     6
       Scroll            |       |     2 |     1 ||     3
 Stab: Sleeping          |     2 |     7 |       ||     9
  Eat: Chunk             |       |     5 |       ||     5
Armor: Ring mail         |    35 |    41 |       ||    76
       Skin              |       |     5 |       ||     5
       Scale mail        |       |    27 |    21 ||    48
Dodge: Dodged            |    58 |   138 |    43 ||   239
